Map: Acropolis LE

Players

ShoWTimE - Winner!

  • Race: Protoss Protoss
  • League: Grandmaster
  • Spawn Location: 5:00

Bomber

  • Race: Terran Terran
  • League: Diamond
  • Spawn Location: 11:00

Event: 2019 Assembly Summer

VOD

Have the link to the VOD?

Description

Time

  • Played on: Aug. 1, 2019, 11:01 a.m.
  • Length: 18:42

All games in this series

Show
View Real Time Build Order
Export as new Build Order

ShoWTimE Protoss - Winner!

Build Orders: 1 Gate Expand, Phoenix Opening, Blink Stalkers 

Get SALT Encoding   

  12  0:00  Probe  
  13  0:12  Probe  
  14  0:17  Pylon  
  14  0:24  Probe  
  15  0:32  Probe  
  15  0:36  Gateway  
  15  0:40  Probe  
  16  0:45  Assimilator  
  17  0:51  Probe  
  18  1:03  Probe  
  19  1:15  Probe  
  20  1:22  Cybernetics Core  
  20  1:33  Nexus  
  20  1:35  Probe  
  21  1:42  Pylon  
  21  1:47  Probe  
  21  1:50  Adept  
  21  1:51  Assimilator  
  22  1:59  Probe  
  25  2:08  Probe  
  25  2:10  Warp Gate  
  26  2:16  Probe  
  26  2:20  Sentry  
  29  2:25  Probe  
  30  2:38  Probe, Twilight Council  
  30  2:43  Probe  
  31  2:50  Probe  
  31  2:51  Probe  
  33  2:54  Gateway  
  33  2:55  Phoenix  
  33  2:57  Stalker  
  36  3:00  Probe  
  36  3:02  Probe, Blink  
  38  3:10  Probe  
  38  3:14  Probe  
  39  3:20  Pylon  
  39  3:26  Probe x2, Assimilator  
  41  3:30  Gateway  
  41  3:38  Probe x2  
  41  3:48  Probe  
  41  3:50  Probe  
  41  3:51  Robotics Facility  
  43  3:56  Probe  
  43  4:02  Probe  
  45  4:03  Stalker x2  
  45  4:05  Probe  
  50  4:14  Nexus  
  50  4:17  Pylon  
  50  4:19  Probe  
  50  4:20  Probe  
  52  4:24  Pylon  
  52  4:28  Shield Battery  
  52  4:32  Stalker  
  52  4:35  Probe x2  
  57  4:38  Observer  
  57  4:44  Shield Battery, Stalker  
  59  4:47  Probe x2  
  59  4:51  Stalker  
  63  4:52  Observer  
  63  4:59  Probe x2  
  65  5:02  Observer  
  65  5:04  Pylon  
  65  5:05  Forge  
  66  5:12  Probe x2  
  66  5:13  Forge  
  68  5:18  Stalker  
  70  5:22  Stalker  
  70  5:23  Probe, Charge  
  70  5:25  Probe  
  70  5:26  Observer  
  75  5:28  Probe  
  75  5:31  Probe  
  75  5:33  Probe  
  77  5:38  Photon Cannon  
  77  5:39  Probe  
  77  5:40  Protoss Ground Weapons Level 1, Probe  
  77  5:41  Probe  
  73  5:50  Probe  
  73  5:53  Probe x2  
  76  6:00  Protoss Ground Armor Level 1  
  76  6:02  Probe  
  77  6:05  Probe x2  
  77  6:06  Immortal  
  77  6:08  Pylon  
  83  6:14  Probe  
  83  6:16  Gateway  
  83  6:17  Probe x2  
  83  6:18  Gateway  
  86  6:26  Probe  
  86  6:29  Gateway, Probe x2  
  89  6:33  Gateway  
  89  6:36  Assimilator  
  89  6:37  Gateway  
  89  6:38  Probe, Assimilator  
  90  6:43  Templar Archives  
  90  6:45  Probe  
  90  6:46  Probe  
  92  6:47  Zealot x3  
  92  6:50  Probe  
  92  6:51  Pylon  
  92  6:53  Assimilator  
  99  6:59  Shield Battery  
  99  7:00  Pylon  
  99  7:01  Observer  
  100  7:08  Pylon  
  100  7:10  Pylon  
  100  7:16  Stalker x4  
  100  7:19  Zealot  
  100  7:22  Pylon x2  
  110  7:25  Zealot  
  110  7:27  Psionic Storm  
  112  7:32  High Templar x2  
  112  7:33  Pylon  
  116  7:41  Zealot  
  116  7:42  Zealot x3  
  122  7:44  Zealot  
  122  7:47  Stalker  
  112  7:57  Immortal  
  112  8:02  Zealot x4  
  108  8:08  Stalker x3  
  109  8:13  Protoss Ground Armor Level 2, Pylon  
  107  8:24  Nexus  
  107  8:27  Zealot x4  
  107  8:28  Observer  
  107  8:31  High Templar x2  
  119  8:37  Sentry  
  119  8:39  Zealot, Protoss Ground Weapons Level 2  
  123  8:44  Immortal  
  126  8:50  Probe  
  126  8:54  Zealot x3  
  133  9:00  Probe x2  
  133  9:02  Zealot, Probe  
  136  9:06  Zealot x2  
  128  9:12  Probe, Archon  
  128  9:13  High Templar x2  
  128  9:14  Warp Prism  
  129  9:23  High Templar  
  133  9:24  Archon  
  133  9:28  Probe x3, Pylon  
  133  9:31  High Templar  
  138  9:33  Zealot x3  
  138  9:37  Shield Battery  
  138  9:38  High Templar  
  146  9:40  Probe  
  144  9:54  Zealot x2  
  144  9:55  Zealot x3  
  131  10:00  Zealot  
  131  10:05  Zealot  
  127  10:08  Probe x2  
  127  10:09  Probe  
  127  10:11  High Templar  
  127  10:12  Photon Cannon  
  132  10:14  Shield Battery  
  132  10:15  Dark Shrine  
  132  10:16  High Templar  
  132  10:17  Gateway, Immortal  
  132  10:18  High Templar  
  132  10:19  Gateway, Pylon  
  136  10:21  Probe x2  
  142  10:28  Protoss Shields Level 1  
  142  10:33  Photon Cannon  
  142  10:34  Shield Battery  
  142  10:35  Pylon  
  142  10:41  Zealot x4  
  150  10:45  Stalker  
  150  10:49  Immortal  
  150  10:50  Zealot x2  
  150  10:56  Protoss Ground Weapons Level 3  
  154  11:02  Zealot  
  160  11:05  Zealot x3  
  160  11:11  Zealot x2  
  170  11:14  Observer  
  170  11:16  Pylon  
  170  11:30  Zealot x5  
  170  11:31  Zealot x2  
  162  11:42  High Templar  
  162  11:45  Dark Templar x2  
  168  11:50  Assimilator  
  168  11:53  Assimilator, Robotics Facility  
  168  11:56  Robotics Bay  
  168  11:58  Zealot x2, Sentry x2  
  168  12:01  Nexus  
  176  12:02  Pylon  
  176  12:03  Pylon  
  176  12:14  Zealot x3  
  182  12:18  Photon Cannon  
  182  12:20  Shield Battery, Pylon  
  182  12:22  High Templar  
  182  12:23  Photon Cannon  
  182  12:24  Protoss Ground Armor Level 3  
  184  12:30  Zealot x5, Shadow Stride  
  194  12:47  Dark Templar x3  
  196  12:52  High Templar  
  196  12:53  High Templar  
  196  12:56  Disruptor  
  198  12:59  Photon Cannon  
  198  13:00  Photon Cannon  
  198  13:12  Disruptor  
  199  13:14  Gateway  
  199  13:16  Gateway  
  197  13:24  Stalker x5  
  198  13:32  Protoss Shields Level 2  
  196  13:38  Disruptor  
  199  13:54  Dark Templar  
  199  13:55  Assimilator  
  197  13:56  Stalker  
  197  13:59  Assimilator  
  197  14:01  Stargate  
  199  14:14  Disruptor  
  196  14:22  Stalker x5  
  175  14:32  Zealot x7  
  175  14:38  Disruptor  
  187  14:41  Archon  
  190  14:47  High Templar  
  190  14:48  High Templar  
  190  14:50  High Templar x2  
  190  14:51  Phoenix  
  198  14:54  Fleet Beacon  
  198  14:55  Stargate  
  200  15:05  Protoss Air Weapons Level 1  
  198  15:29  Extended Thermal Lance, Colossus  
  182  15:35  Nexus  
  182  15:39  Colossus  
  192  15:44  High Templar x2  
  192  15:45  Dark Templar x2  
  192  16:09  Zealot x2  
  192  16:10  Zealot x5  
  200  16:15  Zealot  
  200  16:17  Archon  
  188  16:19  Colossus x2  
  174  16:30  Pylon  
  174  16:33  Pylon  
  174  16:38  Dark Templar x4, Zealot x3  
  198  16:58  Sentry x2  
  197  17:12  Stalker  
  185  17:27  Dark Templar x6  
  185  17:28  Zealot  
  199  17:34  Gateway  
  199  17:36  Gateway  
  199  17:38  Gateway  
  199  17:40  Gateway  
  182  17:52  Stalker x6  
  194  17:59  Stalker  
  194  18:00  Stalker x2  
  198  18:24  Zealot x7  
  198  18:25  Zealot  
  198  18:26  Zealot  
  198  18:28  Zealot x3  
Show
View Real Time Build Order
Export as new Build Order

Bomber Terran 

Build Orders: Gas First Reaper Expand, Banshee Rush 

Get SALT Encoding   

  12  0:00  SCV  
  13  0:12  SCV  
  14  0:20  Supply Depot  
  14  0:25  SCV  
  15  0:31  Refinery  
  15  0:41  SCV  
  16  0:43  Barracks  
  16  0:53  SCV  
  17  1:05  SCV  
  18  1:18  SCV  
  19  1:31  Orbital Command  
  19  1:32  Reaper  
  20  1:44  Command Center  
  20  1:53  Factory  
  20  1:57  SCV  
  21  2:07  Refinery  
  21  2:09  Barracks Reactor, SCV  
  21  2:14  Supply Depot  
  22  2:21  SCV  
  23  2:36  SCV  
  24  2:39  Starport  
  24  2:48  Hellion, SCV  
  24  2:49  Hellion  
  29  2:52  Barracks Tech Lab  
  29  2:57  Orbital Command  
  29  3:00  SCV  
  30  3:12  SCV  
  31  3:24  SCV  
  31  3:25  Factory Tech Lab  
  32  3:27  Marine x2  
  32  3:28  Cloaking Field, Banshee  
  32  3:33  Supply Depot, SCV  
  36  3:47  Marine x2, SCV x2  
  41  3:48  Siege Tank  
  41  3:59  SCV x2  
  43  4:03  Command Center  
  43  4:05  Marine  
  44  4:11  Marine, SCV  
  44  4:13  Supply Depot  
  44  4:14  Banshee  
  50  4:17  SCV  
  50  4:23  SCV  
  51  4:29  SCV  
  52  4:33  Barracks  
  52  4:36  Engineering Bay, SCV  
  53  4:40  Stimpack, Marauder  
  53  4:41  SCV  
  53  4:45  Barracks  
  56  4:48  SCV  
  57  4:53  Refinery, SCV  
  58  5:00  SCV  
  58  5:02  Barracks  
  58  5:03  Terran Infantry Weapons Level 1  
  58  5:05  SCV  
  60  5:07  Barracks  
  60  5:09  Starport Reactor  
  60  5:10  Marauder  
  62  5:15  Supply Depot, SCV  
  62  5:19  Orbital Command  
  62  5:20  SCV  
  64  5:24  Refinery  
  64  5:28  Marine x2  
  64  5:30  Factory Tech Lab  
  64  5:31  Marauder  
  64  5:34  SCV x2  
  70  5:39  Barracks Reactor  
  70  5:46  Medivac  
  70  5:47  SCV x2  
  70  5:48  Medivac  
  76  5:53  Marauder  
  78  6:00  Orbital Command  
  78  6:02  Supply Depot  
  78  6:03  Supply Depot  
  78  6:11  Marine  
  78  6:12  Marine, SCV  
  78  6:14  Marauder  
  78  6:16  Supply Depot, SCV  
  78  6:17  Supply Depot  
  84  6:19  Combat Shield  
  84  6:20  Marine  
  84  6:23  Marine  
  84  6:24  Medivac x2, Marauder  
  84  6:25  SCV  
  93  6:27  SCV  
  93  6:31  Marine x2  
  93  6:32  Factory Reactor  
  95  6:39  Marine, Marauder x2  
  100  6:40  Supply Depot  
  100  6:41  Supply Depot, Marine  
  100  6:45  Marauder  
  103  6:48  Concussive Shells  
  103  6:55  Missile Turret  
  103  6:57  Marine x3  
  103  6:58  Terran Infantry Armor Level 1  
  103  6:59  Marine  
  103  7:00  Marauder x2  
  111  7:03  Medivac  
  111  7:07  Supply Depot, Marauder  
  115  7:09  Supply Depot  
  115  7:10  Widow Mine x2  
  115  7:12  Refinery  
  115  7:15  Supply Depot x2  
  119  7:20  Marine x2  
  119  7:22  Marine, Marauder x2  
  126  7:24  Marine  
  126  7:27  Medivac  
  126  7:28  Marauder  
  131  7:32  SCV x3  
  131  7:35  Widow Mine x2  
  131  7:36  Medivac  
  134  7:53  Marine x3, Marauder x2  
  136  8:05  Marine, Marauder  
  130  8:07  Medivac  
  130  8:08  Widow Mine x2  
  130  8:11  Marine x2  
  126  8:15  Marauder  
  126  8:19  Marine, Marauder  
  128  8:21  SCV x3  
  128  8:22  Armory  
  128  8:23  Marine  
  128  8:24  Medivac  
  128  8:25  Refinery  
  136  8:27  Marauder  
  136  8:29  Marine x2, Widow Mine x2  
  142  8:35  Bunker  
  142  8:36  Supply Depot, Marine, Marauder  
  142  8:37  Supply Depot  
  142  8:40  Marauder  
  142  8:41  Marine  
  148  8:46  Marine x2  
  152  8:48  Marauder  
  152  8:51  Medivac, Widow Mine x2  
  152  8:54  Marine, Medivac  
  161  9:00  Supply Depot, Ghost Academy  
  161  9:01  Supply Depot  
  161  9:04  Liberator  
  161  9:07  Liberator  
  150  9:14  Marauder  
  150  9:15  Marine x4, Marauder x2  
  145  9:19  Widow Mine x2  
  149  9:26  SCV x3  
  149  9:27  Terran Infantry Weapons Level 2  
  155  9:33  Marine x3  
  155  9:35  Marauder  
  155  9:36  Marauder  
  155  9:37  Marauder  
  164  9:45  Missile Turret  
  164  9:48  Widow Mine x2  
  164  9:50  Marine  
  137  10:00  Marine, Marauder x2  
  137  10:04  Medivac  
  137  10:06  Marine x2, Marauder  
  121  10:08  Marine  
  121  10:09  Widow Mine  
  121  10:10  Liberator  
  116  10:16  Engineering Bay  
  116  10:17  Liberator, Marine  
  117  10:23  Marine, Widow Mine  
  127  10:29  Marine x2  
  127  10:30  Widow Mine  
  127  10:32  Ghost x2  
  127  10:33  Ghost  
  136  10:35  Marine  
  136  10:49  Marine x3  
  138  10:53  Marine  
  138  10:54  Widow Mine  
  138  10:55  Widow Mine  
  144  11:01  Terran Infantry Armor Level 2  
  144  11:02  Marine, Marauder x2  
  144  11:03  Command Center  
  149  11:08  Marine x3  
  149  11:10  Medivac  
  149  11:11  Marine  
  154  11:16  Widow Mine x2  
  154  11:17  Medivac  
  161  11:20  Marauder  
  161  11:23  Marine, Marauder  
  131  11:36  Marine x4  
  133  11:41  Marauder  
  133  11:42  Marauder  
  133  11:44  Widow Mine  
  133  11:45  Barracks x2, Widow Mine  
  133  11:46  Barracks, Medivac  
  133  11:47  Medivac  
  143  11:52  Terran Infantry Weapons Level 3  
  145  12:02  Marine x4, Marauder x2  
  145  12:03  Missile Turret  
  145  12:07  Widow Mine x2  
  157  12:16  Planetary Fortress, Marine  
  157  12:20  Marine x3  
  161  12:28  Marauder  
  161  12:29  Marauder, Medivac  
  167  12:31  Medivac  
  167  12:34  Marauder  
  171  12:43  Missile Turret  
  171  12:45  Missile Turret  
  171  12:48  Missile Turret  
  168  12:56  Marine x3, Marauder  
  168  12:57  Marauder, Barracks Tech Lab x3  
  175  12:59  Medivac  
  175  13:01  Medivac  
  178  13:14  Marine x2  
  178  13:15  Marauder  
  178  13:18  Marauder x2  
  186  13:23  Marine  
  186  13:24  Marine, Marauder x3  
  192  13:29  Medivac  
  192  13:31  Medivac  
  192  13:33  Terran Infantry Armor Level 3  
  196  13:37  Marine x2, Marauder  
  196  13:41  Marine, Marauder  
  194  13:45  Marauder  
  194  13:46  Marauder  
  191  13:49  Marauder  
  191  13:55  Marine  
  190  13:58  Marauder  
  190  14:00  Marine  
  190  14:01  Marauder  
  190  14:02  Marine  
  196  14:04  Marine  
  195  14:11  Marauder  
  195  14:15  Marine  
  172  14:33  Marine x2, Marauder x2  
  172  14:34  Marine x2, Marauder x3  
  155  14:42  Marauder  
  155  14:51  Marine  
  156  14:53  Marine  
  156  14:54  Marine x2  
  156  14:55  Marauder x3  
  165  15:02  Marine, Marauder  
  165  15:04  Marauder  
  170  15:08  Marine  
  170  15:11  Marine  
  170  15:12  Marine x2  
  174  15:16  Marauder x3  
  174  15:19  Marine  
  180  15:23  Marauder  
  180  15:24  Marine  
  180  15:26  Marine  
  182  15:29  Marine  
  182  15:35  Marine  
  167  15:37  Marine, Marauder  
  167  15:38  Marauder x3  
  176  15:43  Marauder  
  176  15:44  Marine  
  176  15:45  Marauder  
  181  15:53  Marine x2  
  181  15:54  Medivac x2  
  181  15:55  Marine  
  188  15:59  Marauder x4  
  192  16:04  Marauder  
  192  16:05  Marine  
  192  16:06  Marauder  
  192  16:10  Marine  
  192  16:11  Marine  
  151  16:13  Marine  
  144  16:20  Marine, Marauder x3  
  144  16:23  Marine  
  146  16:29  Marauder x2  
  146  16:39  Marauder  
  148  16:42  Marauder  
  148  16:43  Marine x2, Marauder, Orbital Command  
  149  17:03  Marauder x2  
  149  17:04  Marine  
  149  17:05  Marauder x2  
  138  17:22  Marine x2  
  136  17:23  Marine, Missile Turret, Marauder x2  
  136  17:24  Marauder x2  
  136  17:26  Marauder  
  146  17:37  Marine, Marauder  
  148  17:40  Marine  
  139  17:44  Marine, Marauder x2  
  139  17:46  Marauder  
  132  17:53  Orbital Command  
  132  18:00  Marine x2, Marauder  
  132  18:01  Marauder x2  
  142  18:05  Marauder  
  142  18:07  Marine  
  142  18:08  Marine, Marauder  
  146  18:13  Marauder  
  146  18:18  Marine x2  
Tags
 
Add a new tag
Caveats
  • Supply blocks, unpowered buildings, or Contaminate may cause inaccurate times.
  • Supply counts are checked every 10 seconds.